 Dungeon Crawl Stone Soup version 0.28.0-43-g3370ac3207 (webtiles) character file.

Game seed: 12273807333292005806

20 Peloso the Shield-Bearer (level 2, 27/27 HPs)
             Began as a Minotaur Fighter on Mar 17, 2022.
             Got out of the dungeon alive.
             The game lasted 00:01:24 (892 turns).

Peloso the Shield-Bearer (Minotaur Fighter)          Turns: 892, Time: 00:01:25

Health: 27/27      AC:  4    Str: 18    XL:     2   Next: 58%
Magic:  1/1        EV:  9    Int:  5    God:
Gold:   38         SH:  4    Dex:  9    Spells: 1/1 levels left

rFire   . . .      SeeInvis .   a - +0 long sword
rCold   . . .      Faith    .   c - +0 buckler
rNeg    . . .      Spirit   .   b - +0 scale mail
rPois   .          Reflect  .   (helmet restricted)
rElec   .          Harm     .   (no cloak)
rCorr   .          Rampage  .   (no gloves)
Will    .....                   (no boots)
Stlth   ..........              (no amulet)
HPRegen 0.09/turn               (no ring)
MPRegen 0.07/turn               (no ring)

@: no status effects
A: horns 2, retaliatory headbutt, talons 1, deformed body, weak 1
a: no special abilities


You escaped.
You visited 1 branch of the dungeon, and saw 1 of its levels.

You collected 38 gold pieces.

Inventory:

Hand Weapons
 a - a +0 long sword (weapon)
Armour
 b - a +0 scale mail (worn)
 c - a +0 buckler (worn)
Jewellery
 g - a ring of ice
Potions
 d - a potion of might


   Skills:
 + Level 3.7 Fighting
 + Level 2.5 Long Blades
 + Level 4.0 Armour
 + Level 0.2 Dodging
 + Level 4.1 Shields


You had one spell level left.
You didn't know any spells.
Your spell library was empty.

Dungeon Overview and Level Annotations

Branches:
Dungeon (1/15)

Altars:

Shops:
D:1 :


Innate Abilities, Weirdness & Mutations

You have a pair of horns on your head.
You reflexively headbutt those who attack you in melee.
You have sharp toenails.
Armour fits poorly on your strangely shaped body.
You are weak. (Str -2)


Message History

Done exploring.
Done exploring.
Done exploring.
As you read the scroll labelled YMEESU BIUDAZ, it crumbles to dust.
You assume a fearsome visage.
Nothing appears to happen.
It was a scroll of fear.
As you read the scroll labelled FEJALY VASSOECWUH, it crumbles to dust.
You feel strangely unstable.
It was a scroll of teleportation.
Unknown command.
Unknown command.
Blink to where?
Press: ? - help, Dir - move target
As you read the scroll labelled EZATZE SULIHIFUSH, it crumbles to dust.
It was a scroll of blinking.
It was a potion of mutation.
You feel extremely strange.
You feel your magical essence link to the dungeon's wands.
You feel agile.
Really quaff the potion of mutation?
You feel extremely strange.
You feel clumsy.
Your magical essence no longer links to wands of the dungeon.
You feel weaker.
Your body twists and deforms.
Your toenails lengthen and sharpen.
Unknown command.
Unknown command.
(D) Dungeon
Where to? (? - help)
What level of the Dungeon? (default 1, ? - help)
Your surroundings suddenly seem different.
(D) Dungeon
Where to? (Enter - D:1 @ (x,y), ? - help)
There is a staircase leading out of the dungeon here.
Are you sure you want to leave the Dungeon?
This will make you lose the game! [Y]es or [N]o only, please.
Are you sure you want to leave the Dungeon?
This will make you lose the game! [Y]es or [N]o only, please.
Are you sure you want to leave the Dungeon?
This will make you lose the game! [Y]es or [N]o only, please.
Are you sure you want to leave the Dungeon?
This will make you lose the game!
You have escaped!

...#............##.............#
###.......##....##....##.....#.#
#.........##..........##.......#
#....##........................#
#....##...................##...#
#.........................##...#
#..............................#
#..##...........>..............##
#..##...........@..........##....
#..........................##....
#................................
#...##...........................
#...##[..................##......
#........................##......
........##..........##..........#
.##.....##....##....##......>####
.###..........##............## #


There were no monsters in sight!

Vanquished Creatures
  2 ball pythons (D:1)
  2 bats (D:1)
  2 endoplasms (D:1)
  A giant cockroach (D:1)
  4 hobgoblins (D:1)
  2 jackals (D:1)
  A kobold (D:1)
  2 rats (D:1)
16 creatures vanquished.

Notes
Turn   | Place    | Note
-------+----------+-------------------------------------------
     0 | D:1      | Peloso the Minotaur Fighter began the quest for the Orb.
     0 | D:1      | Reached XP level 1. HP: 19/19 MP: 0/0
    84 | D:1      | Reached XP level 2. HP: 27/27 MP: 1/1
   535 | D:1      | Found Puoler's Book Shop.
   869 | D:1      | Gained mutation: You expend magic power (3 MP) to
                  | strengthen your wands. [potion of mutation]
   869 | D:1      | Gained mutation: You are agile. (Dex +2) [potion of
                  | mutation]
   870 | D:1      | Lost mutation: You are agile. (Dex +2) [potion of mutation]
   870 | D:1      | Lost mutation: You expend magic power (3 MP) to strengthen
                  | your wands. [potion of mutation]
   870 | D:1      | Gained mutation: You are weak. (Str -2) [potion of
                  | mutation]
   870 | D:1      | Gained mutation: Armour fits poorly on your strangely
                  | shaped body. [potion of mutation]
   870 | D:1      | Gained mutation: You have sharp toenails. [potion of
                  | mutation]
   892 | D:$      | Got out of the dungeon alive.

Illustrated notes

Levels and vault maps discovered:
D:1:      dpeg_arrival_stonehenge_12_columns, layout_basic, serial_shops, shop

Skill      XL: |  1  2 |
---------------+-------+-----
Shields        | 4 |  4.1
Armour         | 4 |  4.0
Fighting       | |  3.7
Long Blades    | |  2.5
Dodging        | |  0.2

Action                   || total
-------------------------++-------
Melee: Long sword        ||    22
  Use: Scroll            ||     3
       Potion            ||     2
Armor: Scale mail        ||    15
Dodge: Dodged            ||    19
Block: Buckler           ||     4
